Map: At Eternity's Edge LE

Players

RyanAsh - Winner!

  • Race: Protoss Protoss

A.I. 1 (Harder)

  • Race: Zerg Zerg

VOD

Have the link to the VOD?

Description

Time

  • Played on: Aug. 29, 2026, 4:08 a.m.
  • Length: 12:21
Show
View Real Time Build Order
Export as new Build Order

RyanAsh Protoss - Winner!

Build Orders: Archon Immortal 

Get SALT Encoding   

  8  0:01  Probe (Chrono Boost)  
  9  0:11  Probe (Chrono Boost)  
  10  0:18  Probe  
  11  0:30  Pylon  
  11  0:34  Probe  
  12  0:49  Gateway  
  12  0:58  Assimilator  
  12  1:00  Probe (Chrono Boost)  
  14  1:12  Probe (Chrono Boost)  
  14  1:23  Probe  
  15  1:35  Probe  
  16  1:41  Cybernetics Core  
  16  1:46  Pylon  
  16  1:53  Probe  
  17  1:55  Assimilator  
  17  2:05  Probe  
  18  2:14  Adept (Chrono Boost)  
  18  2:17  Probe  
  21  2:23  Warp Gate  
  21  2:29  Probe  
  22  2:45  Twilight Council  
  22  2:47  Adept  
  22  2:50  Probe  
  25  2:55  Pylon  
  25  3:05  Gateway  
  25  3:06  Probe  
  26  3:19  Charge (Chrono Boost)  
  26  3:26  Adept  
  28  3:34  Probe  
  29  3:45  Pylon  
  29  3:48  Probe  
  32  4:08  Adept  
  32  4:10  Probe  
  33  4:18  Robotics Facility  
  33  4:44  Gateway  
  33  4:45  Gateway  
  33  4:58  Zealot  
  35  5:05  Zealot  
  37  5:08  Immortal  
  37  5:11  Probe  
  42  5:47  Pylon  
  42  5:49  Pylon  
  42  6:03  Zealot  
  44  6:07  Nexus  
  44  6:10  Pylon  
  44  6:11  Pylon  
  44  6:14  Assimilator  
  44  6:27  Immortal  
  44  6:31  Zealot x2  
  44  6:32  Zealot  
  54  6:37  Probe  
  55  6:49  Probe  
  56  7:00  Templar Archives  
  56  7:02  Forge  
  56  7:06  Pylon, Immortal  
  61  7:16  Probe (Chrono Boost)  
  61  7:19  Probe (Chrono Boost)  
  62  7:27  Probe (Chrono Boost)  
  62  7:29  Probe (Chrono Boost)  
  64  7:32  Probe (Chrono Boost)  
  64  7:34  Probe (Chrono Boost)  
  66  7:39  High Templar x2  
  66  7:41  High Templar x2  
  74  7:48  Assimilator  
  75  7:54  Probe (Chrono Boost)  
  75  7:58  Observer  
  71  8:05  Probe (Chrono Boost)  
  65  8:14  Probe  
  65  8:15  Observer  
  61  8:21  Zealot x2  
  61  8:22  Zealot x2  
  61  8:23  Psionic Storm  
  61  8:26  Probe  
  68  8:30  Archon  
  68  8:34  Protoss Ground Weapons Level 1 (Chrono Boost)  
  68  8:39  Probe  
  69  8:46  Zealot  
  69  8:47  Zealot x2  
  69  8:48  Zealot  
  77  9:02  Protoss Air Weapons Level 1  
  77  9:07  Immortal  
  81  9:22  Probe (Chrono Boost)  
  82  9:31  Probe (Chrono Boost)  
  83  9:35  Archon  
  83  9:41  Probe  
  84  9:52  Zealot x3  
  90  9:53  Zealot  
  90  9:55  Immortal  
  96  10:04  Pylon  
  96  10:11  Pylon  
  96  10:12  Pylon  
  96  10:19  Stargate x2  
  96  10:22  Stargate  
  96  10:41  Nexus  
  96  10:43  Assimilator  
  96  10:47  Assimilator  
  96  10:49  Pylon  
  96  10:51  Pylon  
  96  10:54  Pylon  
  96  10:55  Pylon, Zealot x2  
  96  10:56  Zealot x2  
  104  10:58  Warp Prism  
  106  11:24  Probe (Chrono Boost)  
  107  11:34  Observer  
  107  11:35  Probe (Chrono Boost)  
  107  11:39  Probe (Chrono Boost)  
  96  11:50  Probe  
  96  11:52  Zealot x2  
  96  11:53  Zealot x2  
  102  12:02  Probe  
Show
View Real Time Build Order
Export as new Build Order

A.I. 1 (Harder) Zerg 

Build Orders: 1 Base Baneling Bust, Pool First, Lurkers 

Get SALT Encoding   

  8  0:00  Drone  
  9  0:10  Drone  
  10  0:16  Drone  
  11  0:21  Drone  
  12  0:33  Overlord  
  12  0:51  Drone x3  
  15  1:01  Drone  
  16  1:09  Spawning Pool  
  15  1:12  Drone  
  16  1:18  Extractor  
  16  1:20  Drone  
  16  1:30  Drone  
  17  1:40  Overlord  
  17  1:57  Queen, Zergling x2  
  17  2:00  Zergling x2  
  21  2:06  Roach Warren  
  20  2:10  Drone  
  20  2:12  Baneling Nest  
  20  2:20  Drone  
  21  2:30  Drone  
  22  2:39  Overlord  
  22  2:50  Drone  
  23  2:57  Baneling x2  
  23  3:00  Zergling x2  
  23  3:04  Metabolic Boost, Drone, Zergling x4  
  27  3:11  Zergling x2  
  28  3:20  Zergling x2  
  28  3:21  Baneling x2  
  29  3:30  Zergling x2  
  30  3:35  Extractor, Overlord  
  30  3:36  Zergling x4  
  30  3:38  Evolution Chamber  
  30  3:41  Drone  
  31  3:51  Roach  
  33  4:01  Roach  
  35  4:08  Drone, Lair  
  36  4:11  Roach  
  38  4:19  Roach  
  40  4:24  Overlord  
  36  4:36  Drone  
  37  4:40  Drone  
  37  4:43  Drone  
  39  4:46  Drone  
  39  4:51  Drone  
  41  4:54  Drone  
  41  4:57  Drone  
  43  5:10  Overlord  
  43  5:11  Hydralisk Den  
  43  5:13  Drone  
  43  5:20  Zerg Melee Weapons Level 1  
  43  5:42  Hydralisk  
  43  5:49  Hydralisk  
  47  6:06  Burrow  
  47  6:10  Roach  
  49  6:16  Spore Crawler  
  49  6:17  Roach  
  50  6:20  Spore Crawler, Drone  
  50  6:25  Roach  
  52  6:26  Overlord  
  52  6:32  Hatchery, Roach, Drone  
  54  6:38  Hydralisk  
  56  6:45  Hydralisk  
  58  6:53  Overseer  
  58  6:55  Spine Crawler, Drone  
  58  7:04  Spine Crawler  
  58  7:05  Drone  
  58  7:07  Overseer  
  58  7:14  Zerg Missile Weapons Level 1  
  58  7:17  Queen  
  60  7:23  Infestation Pit  
  60  7:24  Drone  
  60  7:35  Evolution Chamber  
  60  7:36  Drone  
  60  7:40  Lurker Den  
  60  7:44  Drone  
  60  7:47  Drone  
  61  7:52  Drone  
  61  7:56  Drone  
  63  8:00  Zerg Ground Armor Level 1  
  63  8:01  Overlord  
  63  8:04  Drone  
  51  8:16  Hydralisk  
  51  8:17  Extractor  
  51  8:18  Drone  
  44  8:23  Roach  
  38  8:31  Extractor, Hydralisk  
  38  8:32  Drone  
  40  8:40  Hydralisk  
  42  8:42  Hatchery  
  42  8:46  Drone  
  42  9:09  Zergling x2  
  43  9:14  Hydralisk, Lurker  
  46  9:20  Hydralisk, Lurker  
  49  9:26  Hydralisk, Lurker  
  52  9:32  Pneumatized Carapace  
  52  9:46  Roach  
  54  9:53  Ravager  
  54  9:54  Overseer  
  54  9:55  Drone x4, Roach  
  54  9:56  Drone  
  62  10:00  Hydralisk  
  62  10:06  Hydralisk, Extractor  
  65  10:08  Drone  
  66  10:15  Hydralisk  
  68  10:27  Infestor  
  70  10:29  Drone x3  
  73  10:36  Drone, Overlord, Lurker  
  73  10:41  Hydralisk  
  77  10:48  Drone  
  78  10:50  Drone  
  78  10:51  Lurker  
  78  10:54  Hydralisk  
  78  10:56  Overlord  
  82  11:01  Drone  
  82  11:02  Lurker  
  84  11:05  Hydralisk  
  84  11:07  Drone  
  84  11:09  Drone  
  88  11:11  Drone  
  88  11:13  Drone  
  88  11:17  Overlord  
  90  11:20  Roach  
  90  11:23  Roach  
  96  11:25  Roach  
  96  11:27  Hydralisk  
  96  11:28  Roach  
  98  11:35  Overlord, Roach  
  98  11:38  Roach  
  104  11:40  Roach  
  104  11:42  Roach  
  104  11:44  Zergling x2  
  104  11:47  Roach  
  108  11:51  Roach  
  93  11:55  Roach  
  93  11:57  Overseer  
Tags
 
Add a new tag
Caveats
  • Supply blocks, unpowered buildings, or Contaminate may cause inaccurate times.
  • Supply counts are checked every 10 seconds.